AA
CHICAGO DOGS @ MILWAUKEE MILKMEN
05/01/2099
 
TOP OF THE 1ST
Sioux Falls Canaries batting - Pitching for Tucson Chameleons : RHP Jose Malagon
Pitching: RHP Jose Malagon
Batting: LHB Josh Peterson 0-0: SINGLE (Line Drive, 56, EV 96.3 MPH)
Batting: RHB Mike Elsner 0-0: Ball
1-0: Ball
2-0: Hit by Pitch
Josh Peterson to second
Batting: RHB Dylan Hull 0-0: Foul Ball, location: 2F
0-1: DOUBLE (Line Drive, 78XD, EV 103.8 MPH)
Josh Peterson scores
Mike Elsner to third
Batting: RHB Scott Carter 0-0: SINGLE (Groundball, 6S, EV 66.9 MPH) (infield hit)
Mike Elsner scores
Dylan Hull to third
Batting: LHB Arturo Gonzalez 0-0: Ball
1-0: Called Strike
1-1: Called Strike
1-2: Fielders Choice at 2nd, 4-6 (Groundball, 34, EV 110.0 MPH)
Batting: RHB Enrique Villanueva 0-0: Ball
1-0: Swinging Strike
1-1: Swinging Strike
1-2: Ball
2-2: Strikes out looking
Batting: RHB Raul Estrada 0-0: SINGLE (Groundball, 56D, EV 106.9 MPH)
Dylan Hull scores
Arturo Gonzalez to second
Batting: RHB Jeff McGraw 0-0: Ball
1-0: Fielders Choice at 2nd, 6-4 (Groundball, 6, EV 86.3 MPH)
Top of the 1st over - 3 runs, 4 hits, 0 errors, 2 left on base; Sioux Falls 3 - Tucson 0
BOTTOM OF THE 1ST
Tucson Chameleons batting - Pitching for Sioux Falls Canaries : LHP Roger Bennett
Pitching: LHP Roger Bennett
Batting: SHB Adam Cogley 0-0: Ball
1-0: Called Strike
1-1: SINGLE (Line Drive, 8LS, EV 98.8 MPH)
Batting: RHB Adam Arenella 0-0: Fly out, F9 (Flyball, 89XD, EV 105.6 MPH)
Batting: RHB Mario Robles 0-0: Ball
1-0: Foul Ball, location: 2F
1-1: Called Strike
1-2: Strikes out swinging
Batting: RHB Jeremy King 0-0: Called Strike
0-1: Called Strike
0-2: Ball
1-2: Foul Ball, location: 3F
1-2: Foul Ball, location: 5FF
1-2: Ball
2-2: Foul Ball, location: 2F
2-2: Ball
3-2: Base on Balls
Adam Cogley to second
Batting: RHB Marco Goudie 0-0: Swinging Strike
0-1: Fly out, F7 (Flyball, 7, EV 84.4 MPH)
Bottom of the 1st over - 0 runs, 1 hit, 0 errors, 2 left on base; Sioux Falls 3 - Tucson 0
TOP OF THE 2ND
Sioux Falls Canaries batting - Pitching for Tucson Chameleons : RHP Jose Malagon
Batting: LHB Jerry Estrada 0-0: Swinging Strike
0-1: Foul Ball, location: 2F
0-2: Ball
1-2: Strikes out swinging
Batting: LHB Josh Peterson 0-0: Called Strike
0-1: Ball
1-1: Ball
2-1: Ball
3-1: Swinging Strike
3-2: Strikes out swinging
Batting: RHB Mike Elsner 0-0: Swinging Strike
0-1: Ball
1-1: Ball
2-1: DOUBLE (Groundball, 5L, EV 104.4 MPH)
Batting: RHB Dylan Hull 0-0: Swinging Strike
0-1: Ball
1-1: Ball
2-1: SINGLE (Line Drive, 89S, EV 104.4 MPH)
Mike Elsner to third
Runner from 3rd tries for Home, SAFE, throw by CF to home
Batting: RHB Scott Carter 0-0: Called Strike
0-1: Foul Ball, location: 25F
0-2: Fielders Choice at 2nd, 6-4 (Groundball, 6, EV 91.3 MPH)
Top of the 2nd over - 1 run, 2 hits, 0 errors, 1 left on base; Sioux Falls 4 - Tucson 0
BOTTOM OF THE 2ND
Tucson Chameleons batting - Pitching for Sioux Falls Canaries : LHP Roger Bennett
Batting: RHB Jose Enriquez 0-0: Ball
1-0: Foul Ball, location: 7LSF
1-1: Ball
2-1: Ground out 5-3 (Groundball, 5, EV 80.0 MPH)
Batting: RHB Tommy Rohr 0-0: Called Strike
0-1: Ball
1-1: Swinging Strike
1-2: Foul Ball, location: 2RF
1-2: Foul Ball, location: 2F
1-2: Strikes out swinging
Batting: RHB Jordan Hayes 0-0: Called Strike
0-1: Reached on error, E6 (Groundball, 6S, EV 86.3 MPH)
Batting: RHB Tony Diaz 0-0: Called Strike
0-1: Ball
1-1: Ball
2-1: Ball
3-1: Base on Balls
Batting: SHB Adam Cogley 0-0: Called Strike
0-1: Ball
1-1: Single, Error in OF, E7, batter to second base (Line Drive, 56D, EV 105.0 MPH)
Jordan Hayes scores
Tony Diaz to third
Batting: RHB Adam Arenella 0-0: Called Strike
0-1: Swinging Strike
0-2: Fly out, F9 (Flyball, 89M, EV 95.0 MPH)
Bottom of the 2nd over - 1 run, 1 hit, 2 errors, 2 left on base; Sioux Falls 4 - Tucson 1
TOP OF THE 3RD
Sioux Falls Canaries batting - Pitching for Tucson Chameleons : RHP Jose Malagon
Batting: LHB Arturo Gonzalez 0-0: Ball
1-0: Ball
2-0: Called Strike
2-1: Ball
3-1: Base on Balls
Batting: RHB Enrique Villanueva 0-0: Ball
1-0: Called Strike
1-1: Foul Ball, location: 9LSF
1-2: Ball
2-2: Foul Ball, location: 9LDF
2-2: Ball
3-2: Fly out, F7 (Flyball, 7LMF, EV 97.5 MPH)
Batting: RHB Raul Estrada 0-0: Ball
1-0: Called Strike
1-1: Ground out 6-3 (Groundball, 6S, EV 70.0 MPH)
Arturo Gonzalez to second
Batting: RHB Jeff McGraw 0-0: Swinging Strike
0-1: Fly out, F2 (Popup, 2LF, EV 96.3 MPH)
Top of the 3rd over - 0 runs, 0 hits, 0 errors, 1 left on base; Sioux Falls 4 - Tucson 1
BOTTOM OF THE 3RD
Tucson Chameleons batting - Pitching for Sioux Falls Canaries : LHP Roger Bennett
Batting: RHB Mario Robles 0-0: Ground out 5-3 (Groundball, 56, EV 78.8 MPH)
Batting: RHB Jeremy King 0-0: Fly out, F9 (Flyball, 89D, EV 102.5 MPH)
Batting: RHB Marco Goudie 0-0: Called Strike
0-1: Foul Ball, location: 2F
0-2: SINGLE (Groundball, 6D, EV 88.1 MPH)
Batting: RHB Jose Enriquez 0-0: Called Strike
0-1: Ball
1-1: Called Strike
1-2: Foul Ball, location: 2F
1-2: Fly out, F5 (Popup, 56, EV 74.4 MPH)
Bottom of the 3rd over - 0 runs, 1 hit, 0 errors, 1 left on base; Sioux Falls 4 - Tucson 1
TOP OF THE 4TH
Sioux Falls Canaries batting - Pitching for Tucson Chameleons : RHP Jose Malagon
Batting: LHB Jerry Estrada 0-0: Fly out, F8 (Flyball, 8LM, EV 91.3 MPH)
Batting: LHB Josh Peterson 0-0: Ball
1-0: Called Strike
1-1: Ball
2-1: Single, Error in OF, E8, batter to second base (Groundball, 6MD, EV 93.8 MPH)
Batting: RHB Mike Elsner 0-0: SINGLE (Groundball, 34D, EV 103.8 MPH)
Josh Peterson to third
Runner from 3rd tries for Home, SAFE, throw by RF to home
Pitching: RHP Rob Anderson
Batting: RHB Dylan Hull 0-0: Called Strike
Mike Elsner is caught stealing 2nd base 2-4
0-1: Swinging Strike
0-2: Ball
1-2: Ball
2-2: Ground out 2-3 (Groundball, 2R, EV 75.6 MPH)
Top of the 4th over - 1 run, 2 hits, 1 error, 0 left on base; Sioux Falls 5 - Tucson 1
BOTTOM OF THE 4TH
Tucson Chameleons batting - Pitching for Sioux Falls Canaries : LHP Roger Bennett
Batting: RHB Tommy Rohr 0-0: Ball
1-0: Foul Ball, location: 2F
1-1: Swinging Strike
1-2: Foul Ball, location: 2F
1-2: Ball
2-2: Ball
3-2: Strikes out swinging
Batting: RHB Jordan Hayes 0-0: Ball
1-0: Ball
2-0: SINGLE (Groundball, 34D, EV 104.4 MPH)
Batting: RHB Tony Diaz 0-0: Called Strike
0-1: Ball
1-1: Foul Ball, location: 25F
1-2: Fly out, F6 (Line Drive, 6M, EV 66.9 MPH)
Pinch Hitting: RHB Bill Nicolson 0-0: Called Strike
0-1: Ball
1-1: SINGLE (Groundball, 34D, EV 98.1 MPH)
Jordan Hayes to second
Runner from 2nd tries for 3rd, SAFE, throw by RF made to third
Pinch Hitting: RHB Nick Harris 0-0: Ball
1-0: Swinging Strike
1-1: Called Strike
1-2: Foul Ball, location: 2F
1-2: Ball
2-2: Strikes out swinging
Bottom of the 4th over - 0 runs, 2 hits, 0 errors, 2 left on base; Sioux Falls 5 - Tucson 1
TOP OF THE 5TH
Sioux Falls Canaries batting - Pitching for Tucson Chameleons : RHP Rob Anderson
Now in LF: Bill Nicolson
Now in RF: Nick Harris
Batting: RHB Scott Carter 0-0: Foul Ball, location: 2F
0-1: Ball
1-1: SINGLE (Line Drive, 78S, EV 88.1 MPH)
Batting: LHB Lizandro Grumbine 0-0: Foul Ball, location: 2F
0-1: Ball
1-1: Fly out, F8 (Flyball, 89M, EV 93.8 MPH)
Pinch Hitting: LHB Oscar Cruz 0-0: Ball
1-0: Ball
2-0: DOUBLE (Line Drive, 78M, EV 93.1 MPH)
Scott Carter to third
Runner from 3rd tries for Home, SAFE, no throw by LF
Batting: RHB Raul Estrada 0-0: Foul Ball, location: 2LF
0-1: Fly out, F9 (Line Drive, 9, EV 91.3 MPH)
Batting: RHB Jeff McGraw 0-0: Called Strike
0-1: Swinging Strike
0-2: Ball
1-2: Strikes out swinging
Top of the 5th over - 1 run, 2 hits, 0 errors, 1 left on base; Sioux Falls 6 - Tucson 1
BOTTOM OF THE 5TH
Tucson Chameleons batting - Pitching for Sioux Falls Canaries : LHP Roger Bennett
Pitching: RHP Javier Sierra
Now at C: Vinny Martinez
Now in LF: Scott Sico
Now in CF: Oscar Cruz
Pinch Hitting: LHB Justin Sroka 0-0: Swinging Strike
0-1: Swinging Strike
0-2: Foul Ball, location: 3DF
0-2: Ball
1-2: Strikes out swinging
Batting: RHB Izzy Mina 0-0: Called Strike
0-1: Ball
1-1: SINGLE (Line Drive, 7LS, EV 98.8 MPH)
Batting: RHB Marco Goudie 0-0: Foul Ball, location: 2F
0-1: Ball
1-1: Foul Ball, location: 3F
1-2: Ball
2-2: Fly out, F2 (Popup, 3SF, EV 81.9 MPH)
Batting: RHB Jose Enriquez 0-0: Foul Ball, location: 25F
0-1: Ball
1-1: Called Strike
1-2: Strikes out swinging
Bottom of the 5th over - 0 runs, 1 hit, 0 errors, 1 left on base; Sioux Falls 6 - Tucson 1
TOP OF THE 6TH
Sioux Falls Canaries batting - Pitching for Tucson Chameleons : RHP Rob Anderson
Now at 1B: Justin Sroka
Pinch Hitting: SHB Willie Pacheco 0-0: Called Strike
0-1: Swinging Strike
0-2: Ball
1-2: Strikes out swinging
Batting: LHB Josh Peterson 0-0: Ground out 4-3 (Groundball, 34, EV 80.6 MPH)
Batting: RHB Mike Elsner 0-0: Ground out 4-3 (Groundball, 4, EV 108.1 MPH)
Top of the 6th over - 0 runs, 0 hits, 0 errors, 0 left on base; Sioux Falls 6 - Tucson 1
BOTTOM OF THE 6TH
Tucson Chameleons batting - Pitching for Sioux Falls Canaries : RHP Javier Sierra
Now at 2B: Willie Pacheco
Now at SS: Jeff McGraw
Pinch Hitting: RHB Jason Gould 0-0: Called Strike
0-1: SOLO HOME RUN (Flyball, 7D, EV 102.5 MPH), Distance : 401 ft
Batting: RHB Jordan Hayes 0-0: Ball
1-0: Called Strike
1-1: Called Strike
1-2: Ball
2-2: Fly out, F8 (Flyball, 89D, EV 94.4 MPH)
Batting: RHB Tony Diaz 0-0: Ball
1-0: Swinging Strike
1-1: Fly out, F7 (Flyball, 78S, EV 85.6 MPH)
Batting: RHB Bill Nicolson 0-0: Called Strike
0-1: Swinging Strike
0-2: Fly out, F8 (Line Drive, 89M, EV 96.3 MPH)
Bottom of the 6th over - 1 run, 1 hit, 0 errors, 0 left on base; Sioux Falls 6 - Tucson 2
TOP OF THE 7TH
Sioux Falls Canaries batting - Pitching for Tucson Chameleons : RHP Rob Anderson
Pitching: LHP Chris Salk
Now in CF: Jason Gould
Pinch Hitting: RHB Sergio Guerrero 0-0: Swinging Strike
0-1: Ball
1-1: Called Strike
1-2: Fly out, F9 (Flyball, 9D, EV 105.6 MPH)
Batting: LHB Scott Sico 0-0: Ball
1-0: Ball
2-0: Called Strike
2-1: Ball
3-1: Base on Balls
Batting: LHB Lizandro Grumbine 0-0: Ball
1-0: Called Strike
1-1: Foul Ball, location: 2F
1-2: Foul Ball, location: 7LMF
1-2: Fly out, F8 (Flyball, 8LD, EV 78.8 MPH)
Batting: LHB Oscar Cruz 0-0: Ball
1-0: Called Strike
1-1: Ball
2-1: Foul Ball, location: 3F
2-2: Ground out 4-3 (Groundball, 4S, EV 79.4 MPH)
Top of the 7th over - 0 runs, 0 hits, 0 errors, 1 left on base; Sioux Falls 6 - Tucson 2
BOTTOM OF THE 7TH
Tucson Chameleons batting - Pitching for Sioux Falls Canaries : RHP Javier Sierra
Pitching: RHP John LeMaire
Now at 1B: Sergio Guerrero
Batting: RHB Nick Harris 0-0: Ball
1-0: Called Strike
1-1: Called Strike
1-2: Strikes out swinging
Batting: LHB Justin Sroka 0-0: Foul Ball, location: 7LSF
0-1: Ball
1-1: Ball
2-1: SINGLE (Line Drive, 78M, EV 98.1 MPH)
Batting: RHB Izzy Mina 0-0: Called Strike
0-1: Called Strike
0-2: Ball
1-2: Ball
2-2: Foul Ball, location: 7LMF
2-2: Ground out 5-3 (Groundball, 56, EV 110.0 MPH)
Justin Sroka to second
Batting: RHB Marco Goudie 0-0: Swinging Strike
0-1: Ball
1-1: Foul Ball, location: 9LSF
1-2: Strikes out swinging
Bottom of the 7th over - 0 runs, 1 hit, 0 errors, 1 left on base; Sioux Falls 6 - Tucson 2
TOP OF THE 8TH
Sioux Falls Canaries batting - Pitching for Tucson Chameleons : LHP Chris Salk
Pitching: RHP Zach Wall
Batting: RHB Vinny Martinez 0-0: Ball
1-0: Foul Ball, location: 2F
1-1: Hit by Pitch
Batting: RHB Jeff McGraw 0-0: Ball
1-0: Foul Ball, location: 25F
1-1: Called Strike
1-2: Strikes out swinging
Batting: SHB Willie Pacheco 0-0: Ball
1-0: Called Strike
1-1: Called Strike
1-2: Ball
2-2: Strikes out looking
Batting: LHB Josh Peterson 0-0: Ball
1-0: Called Strike
1-1: Swinging Strike
1-2: Ball
2-2: Foul Ball, location: 2F
2-2: SINGLE (Line Drive, 78S, EV 104.4 MPH)
Vinny Martinez to second
Batting: RHB Mike Elsner 0-0: Foul Ball, location: 5F
0-1: Ball
1-1: Ball
2-1: Foul Ball, location: 2F
2-2: Ball
3-2: Base on Balls
Vinny Martinez to third
Josh Peterson to second
Pitching: LHP Adam Ronan
Batting: RHB Sergio Guerrero 0-0: Called Strike
0-1: Ball
1-1: Ball
2-1: GRAND SLAM HOME RUN (Flyball, 7LD, EV 98.1 MPH), Distance : 370 ft
Batting: LHB Scott Sico 0-0: Called Strike
0-1: Ball
1-1: Swinging Strike
1-2: Ball
2-2: Ball
3-2: Base on Balls
Batting: LHB Lizandro Grumbine 0-0: Foul Ball, location: 2F
0-1: Fly out, F8 (Line Drive, 8RS, EV 90.6 MPH)
Top of the 8th over - 4 runs, 2 hits, 0 errors, 1 left on base; Sioux Falls 10 - Tucson 2
BOTTOM OF THE 8TH
Tucson Chameleons batting - Pitching for Sioux Falls Canaries : RHP John LeMaire
Pitching: RHP Marty McNamara
Batting: RHB Jose Enriquez 0-0: SINGLE (Line Drive, 78M, EV 86.9 MPH)
Batting: RHB Jason Gould 0-0: Ball
1-0: Foul Ball, location: 5F
1-1: Ball
2-1: Ball
3-1: Foul Ball, location: 5SF
3-2: Foul Ball, location: 2F
3-2: SINGLE (Flyball, 4D, EV 92.5 MPH)
Jose Enriquez to second
Batting: RHB Jordan Hayes 0-0: Called Strike
0-1: Ball
1-1: Ball
2-1: Foul Ball, location: 7LMF
2-2: Foul Ball, location: 25F
2-2: Ball
3-2: Foul Ball, location: 7LSF
3-2: Foul Ball, location: 5F
3-2: Fly out, F8 (Flyball, 8RM, EV 95.0 MPH)
Batting: RHB Tony Diaz 0-0: Ball
1-0: Ball
2-0: Called Strike
2-1: Foul Ball, location: 2F
2-2: Grounds into double play, 1-4-3 (Groundball, P, EV 74.4 MPH)
Bottom of the 8th over - 0 runs, 2 hits, 0 errors, 1 left on base; Sioux Falls 10 - Tucson 2
TOP OF THE 9TH
Sioux Falls Canaries batting - Pitching for Tucson Chameleons : LHP Adam Ronan
Pitching: RHP Robert Johnson
Batting: LHB Oscar Cruz 0-0: Swinging Strike
0-1: Ball
1-1: Called Strike
1-2: Strikes out swinging
Batting: RHB Vinny Martinez 0-0: Ball
1-0: Called Strike
1-1: Foul Ball, location: 2F
1-2: Ball
2-2: Ball
3-2: Foul Ball, location: 2F
3-2: Fly out, F9 (Flyball, 9, EV 78.1 MPH)
Batting: RHB Jeff McGraw 0-0: Ball
1-0: Called Strike
1-1: Foul Ball, location: 2F
1-2: Foul Ball, location: 2LF
1-2: Foul Ball, location: 2LF
1-2: SINGLE (Flyball, 8RS, EV 91.3 MPH)
Batting: SHB Willie Pacheco 0-0: Ball
1-0: Fly out, F7 (Flyball, 78D, EV 103.8 MPH)
Top of the 9th over - 0 runs, 1 hit, 0 errors, 1 left on base; Sioux Falls 10 - Tucson 2
BOTTOM OF THE 9TH
Tucson Chameleons batting - Pitching for Sioux Falls Canaries : RHP Marty McNamara
Pitching: RHP Ben Boyce
Batting: RHB Bill Nicolson 0-0: Called Strike
0-1: Called Strike
0-2: Ball
1-2: SINGLE (Line Drive, 5D, EV 97.5 MPH)
Batting: RHB Nick Harris 0-0: Ball
1-0: Called Strike
1-1: Grounds into double play, 5-4-3 (Groundball, 56, EV 108.1 MPH)
Pinch Hitting: SHB Alan Lerner 0-0: Ground out 3-1 (Groundball, 34S, EV 78.1 MPH)
Bottom of the 9th over - 0 runs, 1 hit, 0 errors, 0 left on base; Sioux Falls 10 - Tucson 2
Sunday, May 5th , 2024 - OOTP Baseball 24.11 Build 85